 Dungeon Crawl Stone Soup version 0.27-a0-650-g8dd3ea4f36 (webtiles) character file.

Game seed: 13972039342659437397

25 kiwi3s the Chopper (level 2, -3/26 HPs)
             Began as a Minotaur Berserker on Mar 16, 2021.
             Was a Follower of Trog.
             Slain by a kobold
             ... wielding a +0 short sword
              (9 damage)
             ... on level 2 of the Dungeon.
             The game lasted 00:00:42 (962 turns).

kiwi3s the Chopper (Minotaur Berserker)              Turns: 962, Time: 00:00:42

Health: -3/26      AC:  2    Str: 21    XL:     2   Next: 82%
Magic:  1/1        EV: 12    Int:  4    God:    Trog [*.....]
Gold:   51         SH:  0    Dex:  9    Spells: 1/1 levels left

rFire    . . .     SeeInvis .   a - +0 hand axe
rCold    . . .     Faith    .   (no shield)
rNeg     . . .     Spirit   .   b - +0 animal skin
rPois    .         Reflect  .   (helmet restricted)
rElec    .         Harm     .   (no cloak)
rCorr    .         Rampage  .   (no gloves)
Will     .....                  (no boots)
Stlth    +.........             (no amulet)
HPRegen  0.08/turn              (no ring)
MPRegen  0.07/turn              (no ring)

@: no status effects
A: horns 2, retaliatory headbutt
a: Renounce Religion, Berserk


You were on level 2 of the Dungeon.
You worshipped Trog.
Trog was aware of your devotion.
You visited 1 branch of the dungeon, and saw 2 of its levels.

You collected 51 gold pieces.

Inventory:

Hand Weapons
 a - a +0 hand axe (weapon)
Armour
 b - a +0 animal skin (worn)
Scrolls
 d - a scroll of amnesia {unknown}
 f - a scroll of fog {unknown}
 g - a scroll of random uselessness {unknown}
 h - a scroll of fear {unknown}
 i - a scroll of blinking {unknown}
Potions
 c - a potion of ambrosia {unknown}
 e - 3 potions of curing {unknown}


   Skills:
 - Level 3.6 Fighting
 * Level 5.0 Axes
 - Level 2.4 Armour
 - Level 2.1 Dodging


You had one spell level left.
You didn't know any spells.
Your spell library was empty.

Dungeon Overview and Level Annotations

Branches:
Dungeon (2/15)

Altars:


Innate Abilities, Weirdness & Mutations

You have a pair of horns on your head.
You reflexively headbutt those who attack you in melee.


Message History

HP restored.
You see here a hobgoblin corpse.
There is a stone staircase leading up here.
Found a stone staircase leading up.
No target in view!
There is a stone staircase leading up here.
A kobold comes into view. It is wielding a +0 short sword.
The kobold shouts!
You hear a shout!
A hobgoblin comes into view. It is wielding a +0 club.
There are monsters nearby!
There are monsters nearby!
The kobold completely misses you. The hobgoblin closely misses you.
Found a glowing hand axe.
There are monsters nearby!
You hit the hobgoblin. You headbutt the hobgoblin.
You kill the hobgoblin!
Trog accepts your kill.
You hit the kobold.
The kobold hits you with a +0 short sword.
Your Axes skill increases to level 5!
Unknown command.
You barely miss the kobold. Your headbutt misses the kobold.
The kobold is moderately wounded.
The kobold hits you with a +0 short sword.
Unknown command.
You barely miss the kobold.
The kobold is moderately wounded.
The kobold misses you.
Unknown command.
You hit the kobold but do no damage.
The kobold is moderately wounded.
The kobold hits you with a +0 short sword!
* * * LOW HITPOINT WARNING * * *
Unknown command.
You are too injured to fight recklessly!
You are too injured to fight recklessly!
You hit the kobold but do no damage.
The kobold is moderately wounded.
The kobold hits you with a +0 short sword!
You die...

#.. #.# #.# #.# ####
#.# ...#### #.#
.......
..#####.#######)......
..............@K......
######..#######.......
#....# .......
#.#.####### ###....
####.........# ...
#......#####.# .)
.....#..<...# #
.....#....#.# ....
#..###.#


You could see a kobold.

Vanquished Creatures
  An ooze (D:1)
  A dart slug (D:1)
  2 ball pythons (D:1)
  A giant cockroach (D:1)
  3 goblins (D:1)
  4 hobgoblins
  2 frilled lizards (D:1)
  A kobold (D:2)
  3 rats (D:1)
18 creatures vanquished.

Notes
Turn   | Place    | Note
-------+----------+-------------------------------------------
     0 | D:1      | kiwi3s the Minotaur Berserker began the quest for the Orb.
     0 | D:1      | Reached XP level 1. HP: 19/19 MP: 0/0
   247 | D:1      | Reached skill level 4 in Axes
   247 | D:1      | Reached XP level 2. HP: 26/26 MP: 1/1
   959 | D:2      | Reached skill level 5 in Axes
   962 | D:2      | Slain by a kobold

Illustrated notes

Levels and vault maps discovered:
D:1:      onia_arrival_mini_spirals, layout_basic
D:2:      layout_basic, lemuel_crystal_altar

Skill      XL: |  1  2 |
---------------+-------+-----
Axes           | 4 5 |  5.0
Fighting       | |  3.6
Armour         | |  2.4
Dodging        | |  2.1

Action                   || total
-------------------------++-------
Melee: Hand axe          ||    33
       Headbutt          ||     3
 Stab: Sleeping          ||     1
Armor: Animal skin       ||     2
Dodge: Dodged            ||    20

Table legend: (Time is in decaauts)
 A = Elapsed time spent in this place.
 B = Non-inter-level travel time spent in this place.
 C = Inter-level travel time spent in this place.
 D = Time resting spent in this place.
 E = Time spent auto-exploring this place.
 F = Levels seen in this place.
 G = Mean time per level.
                   A        B        C        D        E       F      G
               +--------+--------+--------+--------+--------+-----+--------+
         Total |    963 |    944 |     19 |      0 |    851 |   2 |  481.5 |
       Dungeon |    963 |    944 |     19 |      0 |    851 |   2 |  481.5 |
               +--------+--------+--------+--------+--------+-----+--------+

Top non-repeatable levels by time:
     D:1: 861 daAuts
     D:2: 102 daAuts
